 Dungeon Crawl Stone Soup version 0.30-a0-553-g7fabdf1491 (webtiles) character file.

Game seed: 12498026510843340791

4996 Zonian the Slicer (level 10, 0/57 HPs)
             Began as a Vine Stalker Gladiator on Dec 26, 2022.
             Was a Believer of Uskayaw.
             Slain by a hornet (5 damage)
             ... while paralysed by a hornet
             ... on level 9 of the Dungeon.
             The game lasted 00:21:10 (9789 turns).

Zonian the Slicer (Vine Stalker Gladiator)          Turns: 9789, Time: 00:21:10

Health: 0/57       AC:  4    Str: 16    XL:     10   Next: 54%
Magic:  0/20       EV:  2    Int:  8    God:    Uskayaw [**....]
Gold:   390        SH:  0    Dex: 21    Spells: 9/9 levels left

rFire   . . .      SeeInvis .    n - +2 short sword (flame)
rCold   . . .      Faith    .    (no shield)
rNeg    . . .      Spirit   +    b - +0 leather armour
rPois   .          Reflect  .    s - +0 helmet
rElec   .          Harm     .    (no cloak)
rCorr   .          Rampage  .    (no gloves)
Will    +....                    (no boots)
Stlth   ++++                     l - amulet of magic regeneration
HPRegen 1.09/turn                C - ring of magical power
MPRegen 0.57/turn                (no ring)

@: paralysed, slowed
A: fangs 3, regeneration 1, magic shield, antimagic bite, no potion heal 2
a: Renounce Religion, Stomp, Line Pass


You were on level 9 of the Dungeon.
You worshipped Uskayaw.
Uskayaw was noncommittal.
You visited 2 branches of the dungeon, and saw 10 of its levels.

You collected 468 gold pieces.
You spent 78 gold pieces at shops.

Inventory:

Hand Weapons
 a - a +0 rapier
 n - a +2 short sword of flaming (weapon)
 B - a +4 whip
 F - a +5 scimitar of draining
Missiles
 d - 2 throwing nets (quivered)
 e - a javelin
 f - 33 poisoned darts
 i - 6 boomerangs
 D - 7 curare-tipped darts
Armour
 b - a +0 leather armour (worn)
 c - a +0 helmet
 r - a +1 leather armour of fire resistance
 s - a +0 helmet (worn)
 u - an orb of guile
Jewellery
 l - an amulet of magic regeneration (around neck)
 C - a ring of magical power (left hand)
Wands
 p - a wand of quicksilver (26)
 x - a wand of flame (27)
 y - a wand of roots (15)
 H - a wand of paralysis (8)
Scrolls
 j - a scroll of blinking
 k - 3 scrolls of identify
 m - 2 scrolls of teleportation
 o - 2 scrolls of poison
 t - 2 scrolls of fear
Potions
 g - 2 potions of lignification
 h - a potion of haste
 q - a potion of degeneration
 v - 4 potions of curing
 w - a potion of magic
 z - 2 potions of heal wounds
 A - 4 potions of ambrosia
 E - a potion of resistance


   Skills:
 + Level 8.6 Fighting
 - Level 10.0 Short Blades
 - Level 2.0 Throwing
 - Level 2.5 Dodging
 - Level 8.0 Stealth


You had 9 spell levels left.
You didn't know any spells.
Your spell library contained the following spells:

 Spells                   Type           Power      Damage    Failure   Level
 Kiss of Death            Conj/Necr      0%         2d5       47%         1
 Magic Dart               Conj           0%         1d3       47%         1
 Call Imp                 Summ           0%         N/A       63%         2
 Static Discharge         Conj/Air       0%         2-2/arc   63%         2
 Confusing Touch          Hex            0%         N/A       85%         3
 Mephitic Cloud           Conj/Pois/Air  0%         N/A       85%         3
 Vhi's Electric Charge    Tloc/Air       0%         N/A       85%         3
 Dispel Undead            Necr           0%         3d6       99%         4
 Summon Ice Beast         Ice/Summ       0%         N/A       99%         4
 Arcjolt                  Conj/Air       0%         1d10      100%        5
 Lightning Bolt           Conj/Air       0%         1d11      100%        5
 Summon Mana Viper        Hex/Summ       0%         N/A       100%        5
 Monstrous Menagerie      Summ           0%         N/A       100%        7


Dungeon Overview and Level Annotations

Branches:
Dungeon (9/15)             Temple (1/1) D:4
   Lair: D:8-11         Orc: D:9-12

Altars:
Ashenzari
Cheibriados
Dithmenos
Elyvilon
Fedhas
Gozag
Hepliaklqana
Kikubaaqudgha
Makhleb
Nemelex Xobeh
Okawaru
Qazlal
Ru
Sif Muna
Trog
Uskayaw
Vehumet
Wu Jian
Xom
Yredelemnul
Zin
The Shining One

Shops:
D:3 !   D:5 :

Annotations:
D:2 1 runed translucent door, Crazy Yiuf
D:5 Prince Ribbit
D:8 3 transporters


Innate Abilities, Weirdness & Mutations

You have razor-sharp teeth.
Your natural rate of healing is unusually fast.
When hurt, damage is shared between your health and your magic reserves.
Your bite disrupts and absorbs the magic of your enemies.
Potions cannot restore your health.


Message History

You feel extremely sick. The hornet closely misses you. The hornet misses you.
Unknown command.
Aiming: Fastroot
Press: ? - help, Shift-Dir - straight line, f/p - hornet
Aim: a hornet (moderately wounded)
The roots erupt in riotous growth!
Roots grab the hornet.
The grasping roots constrict the hornet.
You feel very sick. The hornet barely misses you. The hornet stings you.
You feel as though you will be slow longer.
The hornet stings you.
You are more poisoned.
You feel as though you will be slow longer.
Unknown command.
You hit the hornet. You burn the hornet. You bite the hornet!
You drain its power.
You feel invigorated.
The hornet is severely wounded.
The grasping roots constrict the hornet.
You feel very sick. The hornet stings you!
* * * LOW HITPOINT WARNING * * *
You feel as though you will be slow longer.
Unknown command.
Your system rejects the healing.
You feel better.
The grasping roots constrict the hornet.
The roots release their grip on the hornet.
The hornet stings you.
* * * LOW HITPOINT WARNING * * *
You feel as though you will be slow longer.
The hornet stings you!
* * * LOW HITPOINT WARNING * * *
You suddenly lose the ability to move!
You can now pass through a line of other dancers.
The hornet stings you.
* * * LOW HITPOINT WARNING * * *
You feel as though you will be slow longer.
The hornet stings you!
You die...

# .# .### ####+###.#
..... #........#
......##### #........+
......y@..# #........#
......###.####..<.....#
..... #....'........#
#### ######........#
#........# ##########


You could see a hornet.

Vanquished Creatures
  A wyvern (D:7)
  6 yaks (D:8)
  Eustachio (D:5)
  4 water moccasins
  An ice beast (D:6)
  2 sky beasts (D:7)
  An orc warrior (D:5)
  3 black bears
  3 ogres
  3 phantoms
  A bullfrog (D:8)
  2 kobold brigands
  A necrophage (D:7)
  2 scorpions (D:6)
  14 wights
  A howler monkey (D:5)
  An electric eel (D:6)
  8 hounds
  3 orc priests
  Ijyb (D:5)
  4 jellies
  5 iguanas
  8 orc wizards
  8 gnolls
  10 adders
  A shadow imp (D:6)
  A white imp (D:6)
  2 dart slugs (D:1)
  32 orcs
  4 ball pythons
  4 endoplasms
  3 giant cockroaches
  3 goblins
  9 hobgoblins
  4 jackals (D:1)
  15 kobolds
  9 quokkas
  6 bats
  2 frilled lizards
  2 rats
  A spectral orc (D:7)
192 creatures vanquished.

Vanquished Creatures (others)
  An orc (D:5)
  A fungus (D:2)
2 creatures vanquished.

Grand Total: 194 creatures vanquished

Notes
Turn   | Place    | Note
-------+----------+-------------------------------------------
     0 | D:1      | Zonian the Vine Stalker Gladiator began the quest for the
                  | Orb.
     0 | D:1      | Reached XP level 1. HP: 11/11 MP: 2/2
   122 | D:1      | Reached XP level 2. HP: 15/15 MP: 3/3
   429 | D:1      | Reached skill level 3 in Short Blades
   429 | D:1      | Reached skill level 1 in Stealth
   476 | D:1      | Reached XP level 3. HP: 14/18 MP: 2/4
   586 | D:1      | Found a faded altar of an unknown god.
  1119 | D:2      | Gained mutation: Your natural rate of healing is unusually
                  | fast. [Vine Stalker growth]
  1119 | D:2      | Reached XP level 4. HP: 21/23 MP: 3/5
  1782 | D:2      | Found a runed translucent door.
  1783 | D:2      | Noticed Crazy Yiuf
  1934 | D:3      | Found Vuxuba's Distillery.
  1946 | D:3      | Bought a potion of curing for 39 gold pieces
  1946 | D:3      | Bought a potion of curing for 39 gold pieces
  1985 | D:3      | Found an ornate altar of the Wu Jian Council.
  2009 | D:3      | Identified the +2 robe of the Cicada {Will+}
  2200 | D:3      | Noticed a black bear
  2593 | D:3      | Killed a black bear
  2594 | D:3      | Reached XP level 5. HP: 12/28 MP: 3/6
  3044 | D:4      | Reached skill level 4 in Short Blades
  3044 | D:4      | Reached XP level 6. HP: 19/32 MP: 7/7
  3112 | D:4      | Found a staircase to the Ecumenical Temple.
  3121 | Temple   | Entered the Ecumenical Temple
  3288 | Temple   | Became a worshipper of Uskayaw the Reveller
  3374 | D:4      | Reached * piety under Uskayaw
  3430 | D:4      | Reached ** piety under Uskayaw
  3735 | D:4      | Found an ancient bone altar of Kikubaaqudgha.
  3774 | D:4      | Found a hazy altar of Hepliaklqana.
  3910 | D:4      | Noticed a water moccasin
  3920 | D:4      | Killed a water moccasin
  3921 | D:4      | Reached skill level 5 in Stealth
  3921 | D:4      | Reached XP level 7. HP: 31/37 MP: 5/8
  4194 | D:5      | Entered Level 5 of the Dungeon
  4199 | D:5      | Reached skill level 5 in Short Blades
  4357 | D:5      | Noticed Eustachio
  4599 | D:5      | Killed Eustachio
  4599 | D:5      | Reached *** piety under Uskayaw
  4600 | D:5      | Gained mutation: You have razor-sharp teeth. [Vine Stalker
                  | growth]
  4600 | D:5      | Reached XP level 8. HP: 42/42 MP: 9/9
  4613 | D:5      | Reached skill level 5 in Fighting
  4730 | D:5      | Found Taawnon's Self-Improvement Boutique.
  4752 | D:5      | Found a bloodstained altar of Trog.
  4825 | D:5      | Noticed Ijyb
  4841 | D:5      | Killed Ijyb
  5334 | D:5      | Reached **** piety under Uskayaw
  5335 | D:5      | Reached skill level 6 in Short Blades
  5776 | D:5      | Noticed Prince Ribbit
  6141 | D:6      | Reached XP level 9. HP: 40/48 MP: 10/10
  6551 | D:6      | Reached skill level 7 in Short Blades
  7455 | D:7      | Found a glowing golden altar of the Shining One.
  7473 | D:7      | Reached skill level 8 in Short Blades
  7776 | D:7      | Reached XP level 10. HP: 50/56 MP: 9/11
  7883 | D:7      | Found a basalt altar of Yredelemnul.
  8223 | D:8      | Reached skill level 9 in Short Blades
  8234 | D:8      | Reached ***** piety under Uskayaw
  8241 | D:8      | Reached ****** piety under Uskayaw
  8287 | D:8      | Reached skill level 10 in Short Blades
  8744 | D:8      | Identified the +0 cloak of Recklessness {Stlth+}
  8752 | D:8      | Found a transporter.
  8754 | D:8      | Found a transporter.
  8759 | D:8      | Found a transporter.
  8773 | D:8      | Found a transporter.
  9781 | D:9      | Paralysed by a hornet for 2 turns
  9788 | D:9      | Paralysed by a hornet for 2 turns
  9789 | D:9      | Slain by a hornet

Illustrated notes

Levels and vault maps discovered:
D:1:      sevenhm_arrival_forest_fort_small_5, layout_basic,
          ebering_ecumenical_altar_abandoned
D:2:      layout_basic, nicolae_concentric_dashed_squares_wild, st_stairs_4,
          minivault_24, uniq_crazy_yiuf_cottage
D:3:      layout_basic, mainiacjoe_overflow_brackets, serial_shops, shop,
          dreamdust_wishing_well
D:4:      layout_loops_corners, mainiacjoe_overflow_two_lobes,
          minmay_temple_entry_sparse_star, grunt_ministairs_8,
          corexii_checkpoint_b
D:5:      layout_cave_pools, nicolae_overflow_hidden_temple,
          grunt_ministairs_15, nicolae_shop_self_help, uniq_eustachio,
          uniq_prince_ribbit1, uniq_ijyb
D:6:      wad_river_or_something, layout_rooms
D:7:      layout_basic, old_standard_altar, yredelemnul_forgotten_temple_becter,
          kennysheep_potato
D:8:      layout_basic, nicolae_transporter_circle
D:9:      layout_roguey, zombieorc2_lemuel, serial_shops,
          nicolae_shop_behind_doors, nicolae_elevator_lobby_plus
Temple:   nicolae_temple_slightly_damp_pantheon

Skill      XL: |  1  2  3  4  5  6  7  8  9 10 |
---------------+-------------------------------+-----
Fighting       | 2 3 4 6 8 |  8.6
Throwing       | 2 |  2.0
Short Blades   | 3 4 5 6 8 10 | 10.0
Stealth        | 1 2 3 4 5 6 8 |  8.0
Dodging        | |  2.5

Action                   |  1- 3 |  4- 6 |  7- 9 | 10-12 || total
-------------------------+-------+-------+-------+-------++-------
Melee: Rapier            |    93 |       |       |       ||    93
       Bite              |    26 |    35 |    91 |    28 ||   180
       Short sword       |    11 |   133 |   273 |    99 ||   516
       Punch             |     1 |     1 |     7 |     3 ||    12
Throw: Throwing net      |       |     1 |       |       ||     1
Invok: Line Pass         |       |       |     2 |       ||     2
Evoke: Wand              |       |     1 |     3 |     5 ||     9
  Use: Scroll            |       |    12 |     3 |     3 ||    18
       Potion            |       |       |     1 |     2 ||     3
 Stab: Sleeping          |     1 |     5 |    12 |     4 ||    22
       Paralysed         |       |       |    15 |     4 ||    19
Armor: Leather armour    |    28 |    26 |    39 |     6 ||    99
Dodge: Dodged            |    66 |    80 |   124 |    32 ||   302

Table legend: (Time is in decaauts)
 A = Elapsed time spent in this place.
 B = Non-inter-level travel time spent in this place.
 C = Inter-level travel time spent in this place.
 D = Time resting spent in this place.
 E = Time spent auto-exploring this place.
 F = Levels seen in this place.
 G = Mean time per level.
                   A        B        C        D        E       F      G
               +--------+--------+--------+--------+--------+-----+--------+
         Total |   9640 |   9304 |    336 |   2963 |   4510 |  10 |  964.0 |
       Dungeon |   9453 |   9136 |    317 |   2963 |   4367 |   9 | 1050.3 |
        Temple |    186 |    167 |     19 |      0 |    143 |   1 |  186.0 |
               +--------+--------+--------+--------+--------+-----+--------+

Top non-repeatable levels by time:
     D:5: 1685 daAuts
     D:8: 1590 daAuts
     D:6: 1271 daAuts
     D:2: 1169 daAuts
     D:4: 1153 daAuts
     D:1: 900 daAuts
     D:3: 869 daAuts
     D:7: 791 daAuts
  Temple: 186 daAuts
     D:9: 21 daAuts
